 Dungeon Crawl Stone Soup version 0.23-a0-448-g1c01f63 (webtiles) character file.

2979 MisterFreud the Covert (level 9, 0/68 HPs)
             Began as a Naga Fire Elementalist on Nov 20, 2018.
             Was a Believer of Cheibriados.
             Slain by an orc warrior
             ... wielding a +0 scimitar
              (15 damage)
             ... on level 8 of the Dungeon.
             The game lasted 00:22:25 (7353 turns).

MisterFreud the Covert (Naga Fire Elementalist)     Turns: 7353, Time: 00:22:26

Health: 0/68       AC:  5    Str: 16    XL:     9   Next: 82%
Magic:  21/25      EV: 13    Int: 26    God:    Cheibriados [**....]
Gold:   407        SH:  0    Dex: 17    Spells: 10/18 levels left

rFire    . . .     SeeInvis +   l - +1 dagger (venom)
rCold    . . .     Gourm    .   (no shield)
rNeg     . . .     Faith    .   p - +0 robe
rPois    +         Spirit   .   z - +0 helmet
rElec    +         Reflect  .   (no cloak)
rCorr    .         Harm     .   (no gloves)
MR       +....                  (no barding)
Stlth    ++++......             (no amulet)
HPRegen  0.21/turn              y - ring "Binakk Syor" {rElec MP+9}
MPRegen  0.19/turn              g - +3 ring of evasion

@: very slow
A: large, see invisible, deformed body, poison resistance, slowness 2, slow
metabolism 1, spit poison 1, AC +3
a: Spit Poison, Bend Time, Renounce Religion


You were on level 8 of the Dungeon.
You worshipped Cheibriados.
Cheibriados was pleased with you.
You were very hungry.

You visited 2 branches of the dungeon, and saw 9 of its levels.

You collected 407 gold pieces.

Inventory:

Hand Weapons
 l - a +1 dagger of venom (weapon)
 t - a +0 whip of freezing
Missiles
 b - 57 bolts
 d - 144 stones (quivered)
 i - 8 tomahawks
 j - 3 throwing nets
 k - 39 sling bullets
 m - 60 arrows
 o - 31 poisoned needles
Armour
 p - a +0 robe (worn)
 v - a cursed -1 shield
 z - a +0 helmet (worn)
Jewellery
 g - a +3 ring of evasion (right hand)
 y - the ring "Binakk Syor" (left hand) {rElec MP+9}
   (You found it on level 6 of the Dungeon)

   [ring of magical power]

   It insulates you from electricity.
   It affects your magic capacity (+9).
 A - an uncursed ring of flight
Wands
 a - a wand of polymorph (9)
 s - a wand of clouds (5)
 x - a wand of enslavement (8)
 C - a wand of paralysis (10)
Scrolls
 f - 2 scrolls of teleportation
 r - 5 scrolls of identify
 u - a scroll of immolation {unknown}
 w - 3 scrolls of enchant weapon
 B - a scroll of enchant armour {unknown}
 E - a scroll of magic mapping {unknown}
Potions
 e - a potion of brilliance
 n - a potion of agility
 q - 3 potions of flight
 D - 2 potions of mutation
Comestibles
 c - 10 rations


   Skills:
 - Level 1.5 Dodging
 - Level 8.2 Stealth
 - Level 5.0 Spellcasting
 - Level 6.1 Conjurations
 - Level 6.1 Fire Magic
 - Level 8.0 Invocations
 + Level 2.3 Evocations


You had 10 spell levels left.
You knew the following spells:

 Your Spells              Type           Power        Failure   Level  Hunger
a - Flame Tongue          Conj/Fire      #####        1%          1    None
b - Conjure Flame         Conj/Fire      #####...     1%          3    #......
c - Sticky Flame          Conj/Fire      #####...     6%          4    ###....

Your spell library contained the following spells:

 Spells                   Type           Power        Failure   Level  Hunger
 Throw Flame              Conj/Fire      #####.       1%          2    None
 Inner Flame              Hex/Fire       ###.....     7%          3    #......
 Fireball                 Conj/Fire      #####.....   17%         5    #####..


Dungeon Overview and Level Annotations

Branches:
Dungeon (8/15)             Temple (1/1) D:4
   Lair: D:8-11

Altars:
Ashenzari
Cheibriados
Dithmenos
Elyvilon
Hepliaklqana
Makhleb
Qazlal
Ru
Yredelemnul
The Shining One


Innate Abilities, Weirdness & Mutations

You cannot wear boots.
Your serpentine skin is tough. (AC +3)
You have supernaturally acute eyesight. (SInv)
Armour fits poorly on your strangely shaped body.
Your system is resistant to poisons. (rPois)
You cover ground very slowly.
You have a slow metabolism.
You can spit poison.


Message History

You destroy the wight!
Cheibriados appreciates the change of pace.
An orc warrior comes into view. It is wielding a +0 scimitar.
The orc warrior shouts!
The orc warrior throws a stone.
The stone hits you.
The orc warrior throws a stone.
The stone hits you!
You see here a stone.
The orc warrior throws a stone.
The stone closely misses you.
The orc warrior throws a stone.
The stone hits you but does no damage.
You see here 2 stones.
The orc warrior throws a stone.
The stone hits you.
The orc warrior throws a stone.
The stone hits you!
You see here a stone.
The orc warrior throws a stone.
The stone hits you.
The orc warrior throws a stone.
The stone closely misses you.
You see here a stone.
The orc warrior throws a stone.
The stone hits you!
* * * LOW HITPOINT WARNING * * *
The orc warrior hits you with a +0 scimitar!
You die...

##..........## #........#
##............## #........#
#........<.....# #........#
#..............####........#
#..........................#
#..............###.........#
#..............# ##........#
##........o...#####.........
##..<.....@((((...#.##.###.
################.)..#.#
##........ ###...... .......
....... #.....z ...... .#..


You could see an orc warrior.

Vanquished Creatures
  Harold (D:7)
  Pikel (D:5)
  Grinder (D:6)
  Duvessa (D:7)
  An ice beast (D:7)
  A slave (D:5)
  2 ogres
  A big kobold (D:7)
  3 bullfrogs (D:6)
  Dowan (D:7)
  3 killer bees (D:7)
  A wight (D:8)
  A howler monkey (D:5)
  3 crimson imps
  2 hounds
  4 orc priests
  A bullfrog skeleton (D:5)
  An iguana (D:6)
  5 orc wizards
  3 worker ants
  2 hound zombies
  A hound skeleton (D:6)
  A worker ant zombie (D:7)
  7 adders
  A shadow imp (D:6)
  2 adder skeletons
  3 worms
  4 leopard geckos
  26 orcs
  8 bats
  A giant cockroach (D:5)
  6 goblins
  6 hobgoblins
  7 jackals
  9 kobolds
  2 quokkas
  A ball python (D:1)
  4 frilled lizards
  A giant cockroach zombie (D:6)
  A leopard gecko skeleton (D:7)
  8 rats
138 creatures vanquished.

Notes
Turn   | Place    | Note
-------+----------+-------------------------------------------
     0 | D:1      | MisterFreud the Naga Fire Elementalist began the quest for
                  | the Orb.
     0 | D:1      | Reached XP level 1. HP: 15/15 MP: 3/3
   209 | D:1      | Reached XP level 2. HP: 20/22 MP: 5/5
   789 | D:2      | Reached skill level 5 in Stealth
   857 | D:2      | Reached XP level 3. HP: 26/28 MP: 3/6
  1315 | D:2      | Reached XP level 4. HP: 31/36 MP: 5/7
  1557 | D:2      | Found a sacrificial altar of Ru.
  1962 | D:3      | Reached XP level 5. HP: 41/42 MP: 2/8
  2016 | D:3      | Learned a level 3 spell: Conjure Flame
  2021 | D:3      | Learned a level 4 spell: Sticky Flame
  3324 | D:4      | Found a staircase to the Ecumenical Temple.
  3333 | Temple   | Entered the Ecumenical Temple
  3342 | Temple   | Became a worshipper of Cheibriados the Contemplative
  3582 | D:4      | Reached XP level 6. HP: 49/49 MP: 6/9
  4153 | D:5      | Entered Level 5 of the Dungeon
  4215 | D:5      | Noticed a slave
  4217 | D:5      | Noticed Pikel
  4218 | D:5      | Noticed a slave
  4221 | D:5      | Noticed a slave
  4227 | D:5      | Killed a slave
  4233 | D:5      | Killed Pikel
  4233 | D:5      | Reached XP level 7. HP: 11/55 MP: 0/10
  4366 | D:5      | Reached XP level 8. HP: 49/62 MP: 10/12
  4595 | D:5      | Found a stormy altar of Qazlal.
  4868 | D:6      | Reached * piety under Cheibriados
  4993 | D:6      | Noticed Grinder
  5019 | D:6      | Killed Grinder
  5019 | D:6      | Reached skill level 5 in Spellcasting
  5234 | D:6      | Found a white marble altar of Elyvilon.
  5269 | D:6      | Got a clouded glass ring
  5270 | D:6      | Identified the ring "Binakk Syor" {rElec MP+9} (You found
                  | it on level 6 of the Dungeon)
  5288 | D:6      | Reached skill level 1 in Invocations
  5646 | D:6      | Reached ** piety under Cheibriados
  5927 | D:7      | Reached skill level 5 in Invocations
  5927 | D:7      | Reached XP level 9. HP: 52/68 MP: 16/16
  5967 | D:7      | Noticed Harold
  5986 | D:7      | Killed Harold
  6611 | D:7      | Noticed Duvessa
  6611 | D:7      | Noticed Dowan
  6616 | D:7      | Killed Dowan
  6623 | D:7      | Killed Duvessa
  6979 | D:7      | Reached skill level 1 in Evocations
  7353 | D:8      | Slain by an orc warrior

Vault maps used:
D:1:      scummos_arrival_hexagon
D:2:      nicolae_ru_awakened_eye, hangedman_decor_lopped, dk_noncrumbling_2,
          minmay_tetromino_s4
D:3:      wad_woods_pond, first_ration
D:4:      minmay_temple_entry_junction
D:5:      basic_altar, uniq_pikel
D:6:      minmay_strange_pillars, elyvilon_altar_3, uniq_grinder
D:7:      uniq_duvessa, uniq_harold
D:8:      serial_shops, shop, basic_altar
Temple:   compressed_dpeg_circular_temple

Skill      XL: |  1  2  3  4  5  6  7  8  9 |
---------------+----------------------------+-----
Stealth        | 4 5 8 |  8.2
Conjurations   | 2 3 4 6 |  6.1
Fire Magic     | 4 6 |  6.1
Spellcasting   | 5 |  5.0
Invocations    | 5 8 |  8.0
Evocations     | 2 |  2.3
Dodging        | |  1.5

Action                   |  1- 3 |  4- 6 |  7- 9 || total
-------------------------+-------+-------+-------++-------
Melee: Unarmed           |     5 |       |       ||     5
       Dagger            |     6 |    15 |   162 ||   183
       Whip              |     8 |    11 |    18 ||    37
 Cast: Flame Tongue      |    24 |    61 |    29 ||   114
       Sticky Flame      |       |     4 |    15 ||    19
 Abil: Spit Poison       |    23 |    26 |    18 ||    67
  Use: Scroll            |     5 |     8 |     2 ||    15
       Potion            |       |     3 |     4 ||     7
 Stab: Sleeping          |     7 |     7 |    12 ||    26
       Distracted        |       |     1 |       ||     1
  Eat: Chunk             |     2 |     9 |     8 ||    19
       Ration            |       |     1 |       ||     1
Armor: Robe              |     8 |    11 |    42 ||    61
       Skin              |       |       |     4 ||     4
Dodge: Dodged            |    24 |    38 |   159 ||   221

Table legend:
 A = Non-vault XP
 B = Vault XP
 C = Vault XP percentage of total XP
 D = Non-vault monster count
 E = Vault monster count
 F = Vault count percentage of total count
                 A         B        C        D         E       F
            +---------+---------+-------+---------+---------+-------
      Total |    2172 |    2085 |  49.0 |     130 |       7 |   5.1
            +---------+---------+-------+---------+---------+-------
        D:1 |      22 |       0 |   0.0 |      13 |       0 |   0.0
        D:2 |      75 |       2 |   2.6 |      19 |       1 |   5.0
        D:3 |     149 |       1 |   0.7 |      25 |       1 |   3.8
        D:4 |     223 |       0 |   0.0 |      10 |       0 |   0.0
        D:5 |     195 |     629 |  76.3 |       8 |       1 |  11.1
        D:6 |     735 |     281 |  27.7 |      31 |       1 |   3.1
        D:7 |     696 |    1172 |  62.7 |      22 |       3 |  12.0
        D:8 |      77 |       0 |   0.0 |       2 |       0 |   0.0
            +---------+---------+-------+---------+---------+-------
